Map: Crête de Lerilak

Players

snowFOX

  • Race: Terran Terran
  • League: Silver
  • Spawn Location: 5:00

zidar - Winner!

  • Race: Zerg Zerg
  • League: Silver
  • Spawn Location: 11:00

VOD

Have the link to the VOD?

Description

Time

  • Played on: Nov. 27, 2015, 4:04 p.m.
  • Length: 17:45
Show
View Real Time Build Order
Export as new Build Order

snowFOX Terran 

Build Orders:  

Get SALT Encoding   

  12  0:11  Supply Depot  
  12  0:34  Barracks  
  12  0:40  Barracks  
  12  0:41  SCV  
  13  0:53  SCV  
  14  1:06  SCV  
  15  1:18  SCV  
  16  1:24  Marine  
  17  1:27  Barracks  
  17  1:31  Marine  
  18  1:42  Marine  
  18  1:44  Barracks  
  19  1:49  Marine  
  20  1:55  Orbital Command  
  20  2:00  Marine  
  21  2:07  Marine  
  22  2:11  Refinery  
  22  2:17  Marine  
  23  2:29  Supply Depot  
  23  2:50  Marine x4, SCV  
  28  2:55  Refinery  
  28  3:03  SCV  
  29  3:08  Marine x2, Barracks Tech Lab  
  31  3:16  Supply Depot  
  31  3:27  Barracks Reactor  
  31  3:38  Marine x2, Marauder, SCV  
  31  3:40  Supply Depot  
  36  3:50  SCV  
  37  3:56  Marine x2  
  37  4:02  Marauder, SCV  
  42  4:05  Supply Depot  
  42  4:13  Marine x2  
  42  4:14  SCV  
  45  4:19  Marine  
  45  4:20  Marine  
  47  4:27  Marauder, SCV  
  50  4:31  Marine  
  50  4:34  Supply Depot  
  51  4:41  Stimpack  
  51  4:43  Marine  
  51  4:45  Marine x2  
  53  4:49  Marine  
  55  4:56  Marauder  
  57  5:04  Factory  
  57  5:07  SCV  
  57  5:11  Marine x3  
  61  5:17  Marauder  
  63  5:24  Supply Depot  
  63  5:45  SCV  
  63  5:47  Supply Depot  
  64  5:55  Marine, Marauder  
  67  5:59  Command Center  
  67  6:04  Barracks Reactor  
  67  6:06  Marine x2  
  67  6:08  Factory Tech Lab  
  69  6:13  Marine  
  69  6:14  Starport  
  69  6:16  SCV  
  71  6:22  Supply Depot  
  71  6:28  SCV  
  71  6:32  Siege Tank  
  75  6:51  Supply Depot  
  75  6:54  Medivac  
  77  7:04  Siege Tank  
  80  7:11  Engineering Bay  
  80  7:15  Marauder  
  82  7:17  Marine x3  
  85  7:26  Orbital Command  
  85  7:29  SCV  
  85  7:49  Marine x2, Marauder  
  89  7:52  Marine  
  89  7:53  Marine x2  
  92  8:04  SCV x2  
  94  8:07  Marine x2  
  94  8:10  Marine  
  97  8:16  SCV  
  98  8:22  Marine x3  
  98  8:25  Marine x2  
  103  8:28  Marauder  
  74  8:40  Marine  
  75  8:45  Marine  
  75  8:46  Marine x3  
  79  8:49  Medivac  
  79  8:50  Marauder  
  83  8:57  Marine  
  79  9:03  Marine  
  79  9:04  Marine x3  
  79  9:11  Marauder  
  79  9:15  Marine  
  71  9:19  Medivac  
  71  9:21  Marine x4  
  55  9:32  Marine, Siege Tank  
  55  9:33  Marine  
  60  9:39  Marine x4  
  60  9:43  Refinery  
  64  9:46  Refinery  
  64  9:49  Medivac  
  64  9:50  Marine  
  64  9:51  Marine  
  68  9:57  Marine x2  
  70  10:05  Starport  
  70  10:08  Marauder  
  70  10:11  Marine x3  
  75  10:14  Marine  
  75  10:15  Marine, Concussive Shells  
  77  10:29  Marauder  
  77  10:35  Command Center  
  79  10:46  SCV x2  
  81  10:51  Marauder  
  83  10:58  Combat Shield, SCV x2  
  83  10:59  Terran Infantry Weapons Level 1  
  83  11:00  Marine  
  83  11:01  Marine x2  
  83  11:03  Marine x2  
  90  11:08  Starport Reactor  
  90  11:10  SCV  
  91  11:12  Marauder  
  91  11:14  SCV  
  91  11:18  Marine  
  95  11:33  Marine x5  
  95  11:36  Marine  
  101  11:41  Engineering Bay  
  101  11:46  Supply Depot  
  101  11:51  Marine x5  
  101  11:54  Marine  
  106  11:57  Orbital Command  
  107  12:08  Marine, SCV x2  
  109  12:09  Marine, Supply Depot  
  109  12:12  Marine x2, Marauder  
  115  12:20  SCV x2  
  115  12:21  Terran Infantry Armor Level 1  
  117  12:24  Viking  
  117  12:25  Barracks Reactor  
  117  12:26  Marine x2  
  117  12:29  Viking  
  123  12:30  Marine  
  123  12:32  Marine  
  123  12:34  Marauder  
  123  12:36  SCV x2  
  123  12:37  SCV  
  130  12:46  Armory  
  130  12:50  Supply Depot  
  130  12:51  SCV x2  
  130  12:52  SCV  
  133  13:03  SCV  
  133  13:04  Missile Turret, SCV  
  135  13:08  Marine, Marauder  
  135  13:09  Marine x3  
  135  13:11  Marine  
  142  13:30  Marauder  
  132  13:42  Viking x3  
  136  13:52  Marine  
  136  13:53  Marauder  
  94  14:06  Orbital Command  
  94  14:09  Marine x4  
  70  14:12  Viking x3  
  70  14:15  Marauder  
  80  14:18  SCV x2  
  80  14:21  Marine  
  83  14:30  Marine, SCV  
  85  14:34  Marine  
  85  14:36  Marauder  
  88  14:41  Marine x3  
  88  14:42  Viking  
  93  14:45  Marine  
  57  15:15  Viking x2  
  56  15:34  Fusion Core  
  55  15:37  Starport  
  48  15:58  Command Center  
  40  16:15  Viking x3  
  46  16:19  Starport Tech Lab  
  46  16:22  Weapon Refit  
  46  16:25  Marine, Marauder  
  49  16:45  Viking x2  
  49  16:46  Marauder  
  61  16:52  Starport Tech Lab  
Show
View Real Time Build Order
Export as new Build Order

zidar Zerg - Winner!

Build Orders: Hatch First, Muta Ling Bane 

Get SALT Encoding   

  12  0:02  Drone  
  13  0:12  Overlord  
  13  0:17  Drone  
  14  0:30  Drone x2  
  17  0:35  Drone  
  17  0:59  Hatchery, Drone  
  17  1:03  Extractor  
  16  1:04  Drone  
  17  1:23  Drone  
  17  1:24  Drone  
  19  1:33  Spawning Pool  
  19  1:34  Drone  
  19  1:45  Overlord  
  19  2:19  Queen  
  19  2:21  Queen  
  19  2:22  Metabolic Boost  
  23  2:25  Zergling x4  
  23  2:26  Zergling x4  
  27  2:30  Zergling x2  
  28  2:37  Zergling x4  
  29  3:01  Baneling Nest  
  29  3:04  Zergling x2  
  29  3:05  Zergling x6  
  32  3:34  Overlord x2  
  32  3:52  Zergling x16  
  32  3:53  Zergling x2  
  41  4:18  Overlord  
  41  4:25  Lair  
  41  4:36  Overlord x3  
  41  4:39  Drone  
  42  4:51  Zergling x8  
  46  4:54  Baneling  
  46  4:57  Baneling x2  
  46  4:59  Baneling  
  45  5:00  Baneling  
  45  5:34  Centrifical Hooks  
  45  5:39  Queen  
  47  6:01  Drone  
  47  6:02  Drone x10  
  58  6:12  Extractor  
  58  6:14  Overseer  
  57  6:46  Drone x4  
  57  6:47  Drone x7  
  68  6:56  Spire  
  67  7:20  Hatchery  
  67  7:21  Extractor x2  
  64  8:14  Mutalisk x6  
  76  8:23  Hatchery  
  50  8:47  Zergling x24  
  50  8:48  Zergling x4  
  43  9:27  Zergling x12  
  48  9:35  Queen  
  50  9:57  Mutalisk x7  
  64  10:03  Baneling x4  
  64  10:04  Baneling x6  
  64  10:05  Baneling  
  64  10:06  Baneling x2  
  64  10:07  Zergling x2  
  64  10:08  Zergling x2  
  66  10:15  Zerg Flyer Weapons Level 1  
  66  10:18  Zergling x2  
  66  10:19  Zergling x8  
  71  10:23  Zergling x4  
  73  10:29  Overlord  
  73  10:30  Overlord x2  
  73  11:03  Drone  
  76  11:04  Drone x10  
  84  11:12  Queen  
  84  11:16  Overlord x2  
  86  11:26  Evolution Chamber  
  86  11:30  Evolution Chamber  
  84  11:39  Drone  
  85  11:40  Drone x7  
  92  12:06  Zerg Melee Weapons Level 1  
  92  12:07  Zerg Ground Armor Level 1  
  92  12:10  Zerg Flyer Weapons Level 2  
  92  12:26  Extractor  
  91  12:30  Extractor  
  90  12:39  Zergling x18  
  90  12:40  Zergling x10  
  90  12:41  Mutalisk x4  
  112  12:45  Overlord x3  
  112  12:46  Overlord  
  112  12:55  Baneling  
  112  12:56  Baneling x6  
  53  14:11  Zergling x24  
  53  14:12  Zergling x10  
  53  14:14  Mutalisk x7  
  84  14:25  Zerg Ground Armor Level 2, Zerg Melee Weapons Level 2  
  84  14:32  Infestation Pit  
  83  14:38  Baneling  
  83  14:39  Baneling x20  
  83  14:45  Zergling x18  
  70  15:17  Mutalisk x4  
  70  15:18  Mutalisk x2  
  76  15:43  Zergling x16  
  76  15:48  Mutalisk  
  83  16:08  Mutalisk x5  
  93  16:13  Baneling x5  
  93  16:19  Queen  
  95  16:41  Zergling x16  
  95  16:42  Zergling x2  
Tags
 
Add a new tag
Caveats
  • Supply blocks, unpowered buildings, or Contaminate may cause inaccurate times.
  • Supply counts are checked every 10 seconds.